 Dungeon Crawl Stone Soup version 0.24-a0-615-g751f86b5a9 (webtiles) character file.

Game seed: 5718240378930564749, levelgen mode: deterministic

6 Mithandil the Skirmisher (level 1, 0/18 HPs)
             Began as a Demonspawn Abyssal Knight on Sept 13, 2019.
             Was an Initiate of Lugonu.
             Slain by a hobgoblin
             ... wielding a +0 club
              (3 damage)
             ... on level 1 of the Dungeon.
             The game lasted 00:01:25 (149 turns).

Mithandil the Skirmisher (Demonspawn Abyssal Knight) Turns: 149, Time: 00:01:27

Health: 0/18       AC:  5    Str: 12    XL:     1   Next: 75%
Magic:  2/2        EV: 10    Int: 13    God:    Lugonu [......]
Gold:   0          SH:  0    Dex: 12    Spells: 0/0 levels left

rFire    . . .     SeeInvis .   a - +1 hand axe
rCold    . . .     Gourm    .   (no shield)
rNeg     . . .     Faith    .   h - +0 ring mail
rPois    .         Spirit   .   (no helmet)
rElec    .         Reflect  .   (no cloak)
rCorr    .         Harm     .   (no gloves)
MR       .....                  (no boots)
Stlth    +.........             (no amulet)
HPRegen  0.06/turn              (no ring)
MPRegen  0.08/turn              (no ring)

@: no status effects
A: no striking features
a: Renounce Religion


You were on level 1 of the Dungeon.
You worshipped Lugonu.
Lugonu was noncommittal.
You were not hungry.

You visited 1 branch of the dungeon, and saw 1 of its levels.
You visited the Abyss 1 time.

Inventory:

Hand Weapons
 a - a +1 hand axe (weapon)
Missiles
 e - 18 sling bullets
 i - 38 stones (quivered)
Armour
 h - a +0 ring mail (worn)
Scrolls
 b - a scroll of blinking {unknown}
 d - a scroll of teleportation {unknown}
 g - a scroll of enchant weapon {unknown}
 j - 2 scrolls of remove curse {unknown}
Potions
 f - a potion of agility {unknown}
Comestibles
 c - a ration
 k - a chunk of flesh


   Skills:
 + Level 3.0 Fighting
 * Level 1.9 Axes
 + Level 1.8 Armour
 + Level 1.0 Dodging
 + Level 0.1 Stealth
 + Level 0.1 Unarmed Combat
 + Level 2.5 Invocations


You couldn't memorise any spells.
You didn't know any spells.
Your spell library was empty.

Dungeon Overview and Level Annotations

Branches:
Dungeon (1/15)

Altars:


Message History

You kill the rat!
Lugonu accepts your kill. The hobgoblin barely misses you.
You closely miss the hobgoblin.
The hobgoblin is severely wounded.
You barely miss the frilled lizard. The hobgoblin closely misses you.
The frilled lizard closely misses you.
You barely miss the hobgoblin.
The hobgoblin is severely wounded.
Your ring mail prevents you from hitting the frilled lizard.
The hobgoblin hits you but does no damage.
The frilled lizard bites you.
* * * LOW HITPOINT WARNING * * *
You completely miss the hobgoblin.
The hobgoblin is severely wounded.
You hit the frilled lizard.
You kill the frilled lizard!
Lugonu accepts your kill. The hobgoblin hits you with a +0 club.
You die...

#....#...⌠...........
#...÷#.........≈.....
#....##...⌠.........⌠
#.....#......⌠...⌠...
##..##.##.............
#..## ..####.........#
####.####.....###########
#....###........
.....###(()@.......
..........)g.!...##
...>.......###...#
###.......#.. ....
#............ ...
.......#....... .#
............... .
......#..#....K


You could see a hobgoblin.

Vanquished Creatures
  A bat (D:1)
  A goblin (D:1)
  A kobold (D:1)
  A frilled lizard (D:1)
  2 rats (D:1)
6 creatures vanquished.

Notes
Turn   | Place    | Note
-------+----------+-------------------------------------------
     0 | Abyss:1  | Mithandil the Demonspawn Abyssal Knight began the quest for
                  | the Orb.
     0 | Abyss:1  | Reached XP level 1. HP: 18/18 MP: 2/2
    42 | Abyss:2  | Found a corrupted altar of Lugonu.
    75 | Abyss:2  | Noticed a quasit
    76 | D:1      | Escaped the Abyss
   143 | D:1      | Reached skill level 1 in Dodging
   149 | D:1      | Slain by a hobgoblin

Levels and vault maps discovered:
D:1:      dpeg_arrival_stone_temple_mockup, layout_rooms,
          nemelex_diamond_rough_becter

Skill      XL: |  1 |
---------------+----+-----
Dodging        | 1 |  1.0
Fighting       | |  3.0
Axes           | |  1.9
Armour         | |  1.8
Stealth        | |  0.1
Unarmed Combat | |  0.1
Invocations    | |  2.5

Action                   || total
-------------------------++-------
Melee: Hand axe          ||    16
Invok: Depart the Abyss  ||     1
Armor: Ring mail         ||     9
Dodge: Dodged            ||    13

Table legend:
 A = Non-vault XP
 B = Vault XP
 C = Vault XP percentage of total XP
 D = Non-vault monster count
 E = Vault monster count
 F = Vault count percentage of total count
                 A         B        C        D         E       F
            +---------+---------+-------+---------+---------+-------
      Total |       9 |       0 |   0.0 |       6 |       0 |   0.0
            +---------+---------+-------+---------+---------+-------
        D:1 |       9 |       0 |   0.0 |       6 |       0 |   0.0
            +---------+---------+-------+---------+---------+-------
